 Dungeon Crawl Stone Soup version 0.29-a0-723-gce39da1c22 (webtiles) character file.

Game seed: 1728445562092318941

51 avis the Chopper (level 3, -5/33 HPs)
             Began as a Hill Orc Monk on June 28, 2022.
             Slain by Jessica
             ... wielding a +7 club
              (10 damage)
             ... on level 2 of the Dungeon.
             The game lasted 00:04:41 (1057 turns).

avis the Chopper (Hill Orc Monk)                    Turns: 1057, Time: 00:04:41

Health: -5/33      AC: 11    Str: 15    XL:     3   Next: 81%
Magic:  3/3        EV:  4    Int: 10    God:
Gold:   70         SH:  0    Dex: 13    Spells: 2/2 levels left

rFire   . . .      SeeInvis .   i - +0 war axe
rCold   . . .      Faith    .   (no shield)
rNeg    . . .      Spirit   .   e - +0 plate armour
rPois   .          Reflect  .   g - +0 helmet
rElec   .          Harm     .   (no cloak)
rCorr   .          Rampage  .   (no gloves)
Will    .....                   (no boots)
Stlth   ..........              (no amulet)
HPRegen 0.11/turn               (no ring)
MPRegen 0.08/turn               (no ring)

@: no status effects
A: no striking features
a: no special abilities


You were on level 2 of the Dungeon.
You visited 1 branch of the dungeon, and saw 2 of its levels.

You collected 70 gold pieces.

Inventory:

Hand Weapons
 i - a +0 war axe (weapon)
Missiles
 n - 3 javelins (quivered)
Armour
 a - a +0 leather armour of fire resistance
 e - a +0 plate armour (worn)
 g - a +0 helmet (worn)
 l - a +2 animal skin
 m - a +0 helmet
Scrolls
 h - a scroll of identify {unknown}
 j - a scroll of magic mapping {unknown}
 o - a scroll of enchant armour {unknown}
Potions
 b - a potion of might {unknown}
 c - a potion of ambrosia
 d - 2 potions of berserk rage {unknown}
 f - 2 potions of haste {unknown}
 k - a potion of curing {unknown}


   Skills:
 + Level 4.2 Fighting
 + Level 4.6 Axes
 + Level 2.8 Dodging
 + Level 2.2 Stealth


You had 2 spell levels left.
You didn't know any spells.
Your spell library was empty.

Dungeon Overview and Level Annotations

Branches:
Dungeon (2/15)

Altars:

Annotations:
D:2 Jessica


Message History

Things that are here:
a +0 club; a goblin corpse
Found a scroll labelled WEZEKK JAUMYCS.
Items here: ))) †.
You see here a +0 dagger.
n - 3 javelins You see here a +0 club.
Found a stone staircase leading down.
Found an escape hatch in the floor.
o - a scroll labelled WEZEKK JAUMYCS HP restored.
You now have 62 gold pieces (gained 13).
Found 2 stones.
A quokka comes into view.
The quokka bites you but does no damage.
You miss the quokka. The quokka barely misses you.
You slash the quokka!
You kill the quokka!
Things that are here:
2 stones; a quokka corpse You now have 70 gold pieces (gained 8).
Jessica the Apprentice Sorceress comes into view.
She is wielding a +7 club and carrying a wand of flame (27).
Jessica zaps a wand.
The puff of flame hits you!
Jessica gestures wildly while chanting.
Jessica seems to speed up.
Jessica hits you but does no damage.
Jessica zaps a wand.
The puff of flame hits you but does no damage.
You hit Jessica.
Jessica is severely wounded.
Jessica zaps a wand.
The puff of flame hits you! Jessica barely misses you.
You closely miss Jessica.
Jessica is severely wounded.
Jessica hits you with a +7 club!
* * * LOW HITPOINT WARNING * * *
You hit Jessica but do no damage.
Jessica is severely wounded.
Jessica zaps a wand.
The puff of flame hits you.
* * * LOW HITPOINT WARNING * * *
Jessica hits you with a +7 club!
You die...

##### # .# #....###
.##.# #.# ... ... #.#
... ... ##.# #.# #.# #
(..# #.# #.# .####
#..###.######.####......
#...............@@..#
####.#.######.####......
#.#.# #.# ##### #...#
#.# #.### #.# #.# ..#
#.. ### #.#


You could see Jessica (fast).

Vanquished Creatures
  Robin (D:2)
  A dart slug (D:1)
  4 endoplasms (D:1)
  A giant cockroach (D:1)
  9 goblins
  6 hobgoblins
  A quokka (D:2)
  2 ball pythons (D:1)
  2 bats (D:1)
  3 frilled lizards (D:1)
  4 kobolds
  2 rats (D:1)
36 creatures vanquished.

Notes
Turn   | Place    | Note
-------+----------+-------------------------------------------
     0 | D:1      | avis the Hill Orc Monk began the quest for the Orb.
     0 | D:1      | Reached XP level 1. HP: 19/19 MP: 1/1
   123 | D:1      | Reached XP level 2. HP: 24/27 MP: 2/2
   759 | D:1      | Reached XP level 3. HP: 31/33 MP: 3/3
   956 | D:2      | Noticed Robin
   982 | D:2      | Killed Robin
  1050 | D:2      | Noticed Jessica
  1057 | D:2      | Slain by Jessica

Illustrated notes

Levels and vault maps discovered:
D:1:      eino_arrival_cavern_a, layout_basic
D:2:      layout_loops_ring, shapermc_ecumenical_altar_pompeii, uniq_jessica,
          uniq_robin

Skill      XL: |  1  2 |
---------------+-------+-----
Stealth        | 2 |  2.2
Fighting       | 4 |  4.2
Axes           | |  4.6
Dodging        | |  2.8

Action                   || total
-------------------------++-------
Melee: Hand axe          ||    42
       War axe           ||    31
Throw: Javelin           ||     3
 Stab: Sleeping          ||     1
Armor: Plate armour      ||    42
       Robe              ||     2
Dodge: Dodged            ||    15

Table legend: (Time is in decaauts)
 A = Elapsed time spent in this place.
 B = Non-inter-level travel time spent in this place.
 C = Inter-level travel time spent in this place.
 D = Time resting spent in this place.
 E = Time spent auto-exploring this place.
 F = Levels seen in this place.
 G = Mean time per level.
                   A        B        C        D        E       F      G
               +--------+--------+--------+--------+--------+-----+--------+
         Total |   1069 |   1021 |     48 |     68 |    659 |   2 |  534.5 |
       Dungeon |   1069 |   1021 |     48 |     68 |    659 |   2 |  534.5 |
               +--------+--------+--------+--------+--------+-----+--------+

Top non-repeatable levels by time:
     D:1: 959 daAuts
     D:2: 109 daAuts
